 Dungeon Crawl Stone Soup version 0.21.1-1-g345015f (webtiles) character file.

34 Monsterracer the Conjurer (level 3, -3/36 HPs)
             Began as a Human Wizard on Mar 14, 2018.
             Was an Initiate of Cheibriados.
             Killed from afar by Sigmund (6 damage)
             ... with a magic dart
             ... on level 2 of the Dungeon.
             The game lasted 00:02:21 (1815 turns).

Monsterracer the Conjurer (Human Wizard)            Turns: 1815, Time: 00:02:22

Health: -3/36      AC:  2    Str: 11 (13) XL:     3   Next: 50%
Magic:  1/7        EV: 12    Int: 17 (20) God:    Cheibriados [......]
Gold:   80         SH:  0    Dex: 11 (12) Spells: 2/8 levels left

rFire    . . .     SeeInvis .   l - +0 whip (curse)
rCold    . . .     Gourm    .   (no shield)
rNeg     . . .     Faith    .   a - +0 robe
rPois    .         Spirit   .   b - +0 hat
rElec    .         Reflect  .   (no cloak)
rCorr    .         Harm     .   (no gloves)
MR       .....                  (no boots)
Stlth    ..........             (no amulet)
HPRegen  0.12/turn              (no ring)
MPRegen  0.10/turn              (no ring)

@: berserking (expiring), very slow
A: no striking features
a: Bend Time, Renounce Religion


You were on level 2 of the Dungeon.
You worshipped Cheibriados.
Cheibriados was noncommittal.
You were not hungry.

You visited 1 branch of the dungeon, and saw 2 of its levels.

You collected 80 gold pieces.

Inventory:

Hand Weapons
 l - a cursed +0 whip (weapon)
Armour
 a - a +0 robe (worn)
 b - a +0 hat (worn)
Scrolls
 e - 4 scrolls of identify {unknown}
 g - 4 scrolls of magic mapping {unknown}
 i - 2 scrolls of enchant armour {unknown}
 j - a scroll of fog {unknown}
 o - 2 scrolls of remove curse {unknown}
 q - a scroll of teleportation {unknown}
Potions
 k - a potion of mutation {unknown}
 m - a potion of flight {unknown}
 n - a potion of might {unknown}
 p - a potion of curing {unknown}
Books
 d - a book of Minor Magic

   Spells                             Type                      Level
   a - Magic Dart                     Conjuration                  1
   b - Blink                          Translocation                2
   c - Call Imp                       Summoning                    2
   d - Slow                           Hexes                        2
   e - Conjure Flame                  Conjuration/Fire             3
   f - Mephitic Cloud                 Conjuration/Poison/Air       3
Comestibles
 c - 4 rations


   Skills:
 - Level 2.0 Dodging
 - Level 2.0 Stealth
 - Level 3.0 Spellcasting
 + Level 3.1 Conjurations
   Level 1.0 Summonings
 - Level 1.0 Translocations


You had 2 spell levels left.
You knew the following spells:

 Your Spells              Type           Power        Failure   Level  Hunger
a - Magic Dart            Conj           ##..         4%          1    None
b - Conjure Flame         Conj/Fire      #.......     26%         3    ###....
e - Blink                 Tloc           N/A          17%         2    ##.....


Dungeon Overview and Level Annotations

Branches:
Dungeon (2/15)

Altars:
Cheibriados

Annotations:
D:2 Sigmund


Message History

Confirm with . or Enter, or press ? or * to list all spells.
Aiming: Magic Dart
Press: ? - help, Shift-Dir - straight line, f/p - Sigmund
Aim: Sigmund, wielding a scythe and wearing an embroidered robe (lightly wounded)
The magic dart hits Sigmund.
Sigmund is lightly wounded.
You now have 5/7 mp.
Casting: Magic Dart
Confirm with . or Enter, or press ? or * to list all spells.
Aiming: Magic Dart
Press: ? - help, Shift-Dir - straight line, f/p - Sigmund
Aim: Sigmund, wielding a scythe and wearing an embroidered robe (lightly wounded)
The magic dart hits Sigmund.
Sigmund is lightly wounded.
You now have 4/7 mp.
Casting: Magic Dart
Confirm with . or Enter, or press ? or * to list all spells.
Aiming: Magic Dart
Press: ? - help, Shift-Dir - straight line, f/p - Sigmund
Aim: Sigmund, wielding a scythe and wearing an embroidered robe (lightly wounded)
The magic dart hits Sigmund.
Sigmund is lightly wounded.
Sigmund barely misses you.
A hobgoblin comes into view. It is wielding a mace.
Unknown command.
Casting: Magic Dart
Confirm with . or Enter, or press ? or * to list all spells.
Aiming: Magic Dart
Press: ? - help, Shift-Dir - straight line, f/p - Sigmund
Aim: Sigmund, wielding a scythe and wearing an embroidered robe (lightly wounded)
The magic dart hits Sigmund.
Sigmund is lightly wounded.
The hobgoblin shouts!
Sigmund misses you.
You now have 3/7 mp.
Casting: Magic Dart
Confirm with . or Enter, or press ? or * to list all spells.
Aiming: Magic Dart
Press: ? - help, Shift-Dir - straight line, f/p - Sigmund
Aim: Sigmund, wielding a scythe and wearing an embroidered robe (lightly wounded)
The magic dart hits Sigmund.
Sigmund is lightly wounded.
You now have 2/7 mp.
Unknown command.
Casting: Magic Dart
Confirm with . or Enter, or press ? or * to list all spells.
Aiming: Magic Dart
Press: ? - help, Shift-Dir - straight line, f/p - Sigmund
Aim: Sigmund, wielding a scythe and wearing an embroidered robe (lightly wounded)
The magic dart hits Sigmund.
Sigmund is lightly wounded.
Sigmund misses you.
You now have 1/7 mp.
Casting: Magic Dart
Confirm with . or Enter, or press ? or * to list all spells.
Aiming: Magic Dart
Press: ? - help, Shift-Dir - straight line, f/p - Sigmund
Aim: Sigmund, wielding a scythe and wearing an embroidered robe (lightly wounded)
The magic dart hits Sigmund.
Sigmund is lightly wounded.
Sigmund misses you.
You now have 0/7 mp.
Casting: Magic Dart
Confirm with . or Enter, or press ? or * to list all spells.
You don't have enough magic to cast that spell.
Unknown command.
Sigmund is nearby!
You aren't carrying any items that you can evoke.
Okay, then.
It was a potion of degeneration.
There was something very wrong with that liquid.
You feel weakened.
You feel dopey.
You feel clumsy.
It was a potion of berserk rage.
A red film seems to cover your vision as you go berserk!
Cheibriados protects you from inadvertent hurry.
You feel mighty! Sigmund gestures at you while chanting.
The puff of flame hits you!
You now have 28/36 hp.
You feel a strong urge to attack something.
Sigmund hits you with a scythe. The hobgoblin hits you with a mace.
You take 7 damage, and have 21/36 hp.
You whack Sigmund!
Sigmund is heavily wounded.
The hobgoblin closely misses you. Sigmund misses you.
You barely miss Sigmund.
Sigmund is heavily wounded.
The hobgoblin misses you. Sigmund hits you with a scythe!
* * * LOW HITPOINT WARNING * * *
You take 12 damage, and have 9/36 hp.
MASSIVE DAMAGE!!
You closely miss Sigmund.
Sigmund is heavily wounded.
The hobgoblin hits you with a mace.
* * * LOW HITPOINT WARNING * * *
You take 6 damage, and have 3/36 hp.
You hit Sigmund.
Sigmund is severely wounded.
Sigmund points at you and mumbles some strange words.
The magic dart hits you!
You die...

#.......#
#.#####.. #
#.# ## #.#
#. #.### #..
#...# #..#
#######.## .
# .........#
#######@.#
#@g#
#......#
.......#.#
#.##........
..
##.#.#....
## #.....###
#..#...
#.....##


You could see Sigmund and a hobgoblin.

Vanquished Creatures
  A dart slug (D:1)
  A leopard gecko (D:1)
  3 giant cockroaches (D:1)
  3 goblins (D:1)
  2 hobgoblins (D:1)
  4 kobolds
  A ball python (D:2)
  6 bats
  3 frilled lizards
  5 rats
29 creatures vanquished.

Notes
Turn   | Place    | Note
-------+----------+-------------------------------------------
     0 | D:1      | Monsterracer the Human Wizard began the quest for the Orb.
     0 | D:1      | Reached XP level 1. HP: 13/13 MP: 4/4
   298 | D:1      | Reached XP level 2. HP: 18/19 MP: 1/6
   915 | D:1      | Reached XP level 3. HP: 24/24 MP: 2/7
   919 | D:1      | Learned a level 2 spell: Blink
  1524 | D:2      | Learned a level 3 spell: Conjure Flame
  1557 | D:2      | Found a snail-covered altar of Cheibriados.
  1583 | D:2      | Became a worshipper of Cheibriados the Contemplative
  1795 | D:2      | Noticed Sigmund
  1813 | D:2      | HP: 9/36 [Sigmund/scythe (12)]
  1814 | D:2      | HP: 3/36 [hobgoblin/mace (6)]
  1815 | D:2      | Killed from afar by Sigmund

Skill      XL: |  1  2  3 |
---------------+----------+-----
Conjurations   | 2 3 |  3.1
Dodging        | |  2.0
Stealth        | |  2.0
Spellcasting   | |  3.0
Summonings     | |  1.0
Translocations | |  1.0

Action                   || total
-------------------------++-------
Melee: Whip              ||     4
 Cast: Magic Dart        ||    79
  Use: Potion            ||     2
  Eat: Chunk             ||     3
Armor: Robe              ||     3
Dodge: Dodged            ||    16

Vault maps used:
D:1:      kennysheep_arrival_seaside
D:2:      fedhas_altar_4, cheibriados_altar_1, kennysheep_okawaru_gauntlet,
          kennysheep_crisscross, tso_metal_star, uniq_sigmund
